 Dungeon Crawl Stone Soup version 0.30.0-13-g156ef70053 (webtiles) character file.

Game seed: 170766021626802641

331316 browni3141 the Spry (level 20, -4/163 HPs)
             Began as a Demigod Enchanter on May 17, 2023.
             Killed from afar by a living spell (38 damage)
             ... with an iceblast
             ... summoned by a walking frostbound tome
             ... on level 3 of the Depths.
             The game lasted 02:20:44 (50105 turns).

browni3141 the Spry (Demigod Enchanter)            Turns: 50105, Time: 02:20:45

Health: -4/163     AC: 19    Str:  9    XL:     20   Next: 4%
Magic:  0/40       EV: 33    Int: 35    God:
Gold:   1224       SH: 13    Dex: 34    Spells: 2/32 levels left

rFire   . . .        b - +9 rapier (speed)
rCold   . . .        R - +3 warlock's mirror {omnireflect}
rNeg    + + .        U - +4 moon troll leather armour {Spirit, Regen++ MP+5}
rPois   +            p - +1 helmet {SInv}
rElec   .            K - +1 cloak {Stlth+}
rCorr   .            z - +2 pair of gloves of the Locust {rPois Dex+4}
SInv    +            k - +1 pair of boots
Will    +++..        O - amulet of regeneration
Stlth   ++++++++     s - ring of Nuhov {+Blink rPois rN++ Int+6 Dex-2}
HPRegen 2.87/turn    f - ring "Adili" {Will+ Dex+6}
MPRegen 0.27/turn

%: reflection, guardian spirit
@: no status effects
A: high MP 1, forlorn, divine attributes
}: 2/15 runes: decaying, serpentine
a: Evoke Blink


You were on level 3 of the Depths.
You visited 8 branches of the dungeon, and saw 39 of its levels.

You collected 5151 gold pieces.
You spent 3927 gold pieces at shops.

Inventory:

Hand Weapons
 b - a +9 rapier of speed (weapon)
Missiles
 x - 2 curare-tipped darts
 Z - a throwing net
Armour
 a - an orb of guile
 k - a +1 pair of boots (worn)
 p - a +1 helmet of see invisible (worn)
 z - the +2 pair of gloves of the Locust (worn) {rPois Dex+4}
   (You bought it in a shop on level 4 of the Dungeon)

   Dex:       It affects your dexterity (+4).
   rPois:     It protects you from poison.
 K - a +1 cloak of stealth (worn)
 R - the +3 warlock's mirror (worn) {omnireflect}
   (You bought it in a shop on level 4 of the Dungeon)

   Omnireflect: It can block and reflect piercing ranged attacks and magical
   attacks against the wielder's willpower.
 U - the +4 moon troll leather armour (worn) {Spirit, Regen++ MP+5}
   (You found it on level 12 of the Dungeon)

   MP:        It affects your magic capacity (+5).
   Regen:     It increases your rate of health regeneration.
Jewellery
 f - the ring "Adili" (right hand) {Will+ Dex+6}
   (You bought it in a shop on level 4 of the Snake Pit)

   [ring of dexterity]

   Dex:       It affects your dexterity (+6).
   Will:      It increases your willpower.
 s - the ring of Nuhov (left hand) {+Blink rPois rN++ Int+6 Dex-2}
   (You acquired it on level 1 of the Snake Pit)

   [ring of intelligence]

   Int:       It affects your intelligence (+6).
   Dex:       It affects your dexterity (-2).
   rPois:     It protects you from poison.
   rN:        It greatly protects you from negative energy.
   +Blink:    It lets you blink.
 v - a ring of see invisible
 G - an amulet of guardian spirit
 O - an amulet of regeneration (around neck)
 Q - a ring of protection from cold
 X - a ring of flight
Wands
 e - a wand of light (1)
 I - a wand of iceblast (12)
 P - a wand of paralysis (23)
 S - a wand of digging (25)
 V - a wand of flame (36)
Scrolls
 d - 2 scrolls of silence
 j - 4 scrolls of poison
 l - 7 scrolls of immolation
 n - 10 scrolls of teleportation
 o - 3 scrolls of torment
 q - 3 scrolls of brand weapon
 t - 8 scrolls of magic mapping
 y - 3 scrolls of enchant armour
 B - 7 scrolls of blinking
 D - 2 scrolls of fear
 E - 3 scrolls of vulnerability
 F - 16 scrolls of fog
 W - 6 scrolls of amnesia
Potions
 c - 7 potions of flight
 g - 3 potions of ambrosia
 h - 8 potions of haste
 i - 5 potions of invisibility
 m - 4 potions of magic
 r - 3 potions of resistance
 u - 8 potions of brilliance
 w - 6 potions of degeneration
 A - 6 potions of attraction
 C - 11 potions of curing
 H - 8 potions of heal wounds
 J - 6 potions of berserk rage
 L - 4 potions of lignification
 M - 8 potions of might
 T - 5 potions of mutation
Miscellaneous
 N - a phantom mirror (inert)


   Skills:
 + Level 10.9 Fighting
 - Level 14.0 Short Blades
 - Level 6.0 Armour
 - Level 18.0 Dodging
 + Level 15.7 Stealth
 - Level 13.0 Shields
 * Level 6.8 Spellcasting
 - Level 4.0 Conjurations
 * Level 12.9 Hexes
 * Level 2.5 Translocations
 - Level 4.0 Transmutations
 - Level 6.0 Ice Magic
 - Level 5.0 Evocations


You had 2 spell levels left.
You knew the following spells:

 Your Spells              Type           Power      Damage    Failure   Level
a - Metabolic Englaciati  Hex/Ice        33%        N/A       3%          5
b - Yara's Violent Unrav  Hex/Tmut       31%        3d13      4%          5
c - Confusing Touch       Hex            80%        N/A       1%          3
d - Dazzling Flash        Conj/Hex       100%       N/A       1%          3
e - Enfeeble              Hex            40%        N/A       24%         7
h - Ensorcelled Hibernat  Hex/Ice        100%       N/A       1%          2
t - Tukima's Dance        Hex            80%        N/A       1%          3
B - Blink                 Tloc           58%        N/A       3%          2

Your spell library contained the following spells:

 Spells                   Type           Power      Damage    Failure   Level
 Apportation              Tloc           58%        N/A       1%          1
 Freeze                   Ice            100%       1d10      1%          1
 Shock                    Conj/Air       100%       1d9       2%          1
 Necrotise                Necr           44%        1d6       6%          1
 Summon Small Mammal      Summ           44%        N/A       6%          1
 Cigotuvi's Dreadful Rot  Necr/Pois/Air  22%        N/A       9%          2
 Frozen Ramparts          Ice            100%       1d16      1%          3
 Inner Flame              Hex/Fire       54%        N/A       1%          3
 Ozocubu's Armour         Ice            52%        N/A       1%          3
 Fulminant Prism          Conj/Hex       31%        3d16      1%          4
 Hailstorm                Conj/Ice       46%        3d11      2%          3
 Gell's Gravitas          Tloc           29%        N/A       6%          3
 Teleport Other           Tloc           29%        N/A       6%          3
 Stone Arrow              Conj/Erth      50%        3d10      8%          3
 Volatile Blastmotes      Fire/Tloc      40%        2d13      11%         3
 Iskenderun's Mystic Bla  Conj/Tloc      34%        2d8       16%         4
 Swiftness                Air            11%        N/A       17%         3
 Manifold Assault         Tloc           29%        N/A       21%         4
 Flame Wave               Conj/Fire      25%        2d8       26%         4
 Sticky Flame             Conj/Fire      25%        2d5       26%         4
 Airstrike                Air            5%         2d(1-17)  50%         4
 Animate Armour           Summ/Erth      22%        N/A       50%         4
 Animate Dead             Necr           11%        N/A       50%         4
 Dispel Undead            Necr           11%        3d9       50%         4
 Summon Lightning Spire   Summ/Air       11%        N/A       50%         4
 Alistair's Intoxication  Tmut/Pois      16%        N/A       56%         5
 Borgnjor's Vile Clutch   Necr/Erth      5%         N/A       85%         5
 Lee's Rapid Deconstruct  Erth           5%         3d6*      85%         5
 Simulacrum               Ice/Necr       16%        N/A       95%         6
 Dispersal                Tloc           14%        N/A       97%         6
 Eringya's Noxious Bog    Tmut/Pois      12%        N/A       98%         6
 Death Channel            Necr           5%         N/A       100%        6
 Storm Form               Tmut/Air       12%        N/A       100%        7
 Lehudib's Crystal Spear  Conj/Erth      12%        10d4      100%        8
 Maxwell's Capacitive Co  Air            5%         ∞         100%        8


Dungeon Overview and Level Annotations

Branches:
Dungeon (15/15)            Temple (1/1) D:4            Lair (5/5) D:8
  Swamp (4/4) Lair:3        Snake (4/4) Lair:3        Slime (0/5) Lair:5
    Orc (2/2) D:10            Elf (0/3) Orc:2        Vaults (4/5) D:14
  Crypt (0/3) Vaults:2     Depths (4/4) D:15            Zot (0/5) Depths:4

Shops:
D:2 ?   D:4 [[=*:   D:11 :   Orc:2 [*[*   Snake:3 =:=   Snake:4 (([=
Vaults:1 [

Portals:
Hell: Depths:4
Abyss: Depths:3
Ziggurat: Depths:1
Trove: D:13 (give horn of Geryon)

Annotations:
D:13 2 runed translucent doors, Triskal's ghost, journeyman DsGl
D:14 1 runed translucent door, Jorgrun; Louise; pdpol's ghost, journeyman MiFi
Lair:1 1 runed translucent door, exclusion: door, Olid's ghost, journeyman DrCj
Lair:3 Rupert
Swamp:3 exclusions: fenstrider witch and hydra


Innate Abilities, Weirdness & Mutations

You have an increased reservoir of magic. (+10% MP)
You shall have no god before yourself.
Your divine heritage dramatically boosts your attributes as you level up.


Message History

Your tengu reaver skeleton pecks the stone giant.
Your tengu reaver skeleton claws the stone giant but does no damage.
The stone giant throws a large rock.
The large rock hits your tengu reaver skeleton!!!
Your fire giant hits the stone giant with a +0 great sword of flaming!!
Your fire giant burns the stone giant.
Your storm dragon skeleton bites the stone giant.
The stone giant dies!
You start resting.
A walking frostbound tome comes into view.
Your storm dragon skeleton dissolves into shadows!
The air twists around and strikes your titan skeleton!!
Your titan skeleton dissolves into shadows!
Your tengu reaver skeleton dissolves into shadows!
The walking frostbound tome erupts in a flurry of living spells!
A titan comes into view.
Your fire giant casts a spell at the walking frostbound tome.
The bolt of fire hits the walking frostbound tome!!!
The walking frostbound tome is burned terribly!
The bolt of fire hits the living spell!!
The living spell is destroyed!
The bolt of fire hits the living spell!!
The living spell is destroyed!
The bolt of fire hits the titan!!
The walking frostbound tome hits your fire giant!
The walking frostbound tome freezes your fire giant!!!
Your fire giant dies!
Your fire giant's corpse dissolves into shadows!
The living spell casts itself at you.
The mass of ice explodes!
The iceblast engulfs you!!!
The walking frostbound tome's pages rustle loudly.
Aiming: Iceblast
Press: ? - help, Shift-Dir - straight line, f - walking frostbound tome
Aim: a walking frostbound tome (heavily damaged)
The mass of ice explodes!
The iceblast engulfs the walking frostbound tome!
The walking frostbound tome partially resists.
The walking frostbound tome is severely damaged.
Aiming: Iceblast
Press: ? - help, Shift-Dir - straight line, f/p - walking frostbound tome
Aim: a walking frostbound tome (severely damaged)
The mass of ice explodes!
The iceblast engulfs the walking frostbound tome!
The walking frostbound tome partially resists.
The walking frostbound tome is almost destroyed.
The walking frostbound tome erupts in a flurry of living spells!
Aiming: Iceblast
Press: ? - help, Shift-Dir - straight line, f/p - walking frostbound tome
Aim: a walking frostbound tome (severely damaged)
The mass of ice explodes!
The iceblast engulfs the walking frostbound tome!
The walking frostbound tome partially resists.
The walking frostbound tome is almost destroyed.
The iceblast engulfs the titan but does no damage.
The titan is moderately wounded.
You hear a distant slurping noise.
The titan waves its arms in wide circles.
The air twists around and strikes you!!
* * * LOW HITPOINT WARNING * * *
The living spell casts itself at you.
The mass of ice explodes!
The iceblast engulfs you!
* * * LOW HITPOINT WARNING * * *
The living spell casts itself at you.
The mass of ice explodes!
The iceblast engulfs you!
* * * LOW HITPOINT WARNING * * *
The living spell casts itself at you.
The mass of ice explodes!
The iceblast engulfs you!!!
* * * LOW HITPOINT WARNING * * *
The walking frostbound tome erupts in a flurry of living spells!
Unknown command.
Press: ? - help, v - describe, . - travel
Here: a living spell (summoned)
The floor.
Placed new exclusion.
Reduced exclusion size to a single square.
Removed exclusion.
Unknown command.
Press: ? - help, v - describe, . - travel
Here: a living spell (summoned)
The floor.
Placed new exclusion.
Reduced exclusion size to a single square.
Removed exclusion.
Unknown command.
Press: ? - help, v - describe, . - travel
Here: a living spell (summoned)
The floor.
Unknown command.
Press: ? - help, v - describe, . - travel
Here: a living spell (summoned)
The floor.
Placed new exclusion.
Reduced exclusion size to a single square.
Removed exclusion.
Unknown command.
You feel much better.
The walking frostbound tome erupts in a flurry of living spells!
The living spell casts itself at you.
The mass of ice explodes!
The iceblast engulfs you!!!
You die...

.#,**,,,,,,.....,,,,,,,,,,**,*
.######,,,,.......,,,,,,******
......####,.......,,,****
#........#####'''#####
#....#####.....*C.)..#####
#..###,,,.......;.*†.....###
#..#,,,,,.........*...[....#** *
#..+,,,,,8.....*.....8..∩..+,****
#..#,,,,,......8@..........#,,,**
#..###,,,................###,,,**
#....###*#......)....##### *,,,**
.......#+############# *,,,**
.......#,##****,***,,* *,,,**
.......#,..,,,,,,,,,,* *,,,**
.......+,..,,,,,***,,*******,,,**
.......#*.#****,* *,,,,,,,,,,,,,*
.......#*.# *,* *,*,****,,,,,,*


You could see a titan, a walking frostbound tome and 4 living spells.

Vanquished Creatures
  Mara (Snake:3)
  Vashnia (Snake:3)
  2 golden dragons
  Nikola (Swamp:4)
  A bone dragon (Depths:4)
  Zenata (Vaults:3)
  A lich (Depths:1)
  3 sphinxes
  Agnes (D:14)
  Frances (D:13)
  A tengu reaver (Depths:3)
  Kirke (Swamp:3)
  A draconian monk (Depths:4)
  2 shadow dragons
  Donald (Snake:3)
  3 nagarajas (Snake:4)
  A draconian knight (Depths:4)
  11 vault wardens
  3 fire giants (Depths:3)
  Aizul (Snake:3)
  2 frost giants
  An orc warlord (Vaults:1)
  13 very ugly things
  7 stone giants
  14 ironbound preservers
  2 quicksilver oozes (Depths:3)
  A green draconian (Depths:4)
  7 ironbound thunderhulks
  A vampire knight (Depths:4)
  2 black draconians (Depths:4)
  9 dire elephants
  Azrael (D:13)
  4 eleionomae
  A yellow draconian (Depths:4)
  A bunyip (Swamp:2)
  2 green deaths (Swamp:4)
  Josephine (Orc:1)
  2 entropy weavers
  2 ettins
  5 fire dragons
  A shambling mangrove (Swamp:4)
  14 hydras
  8 great orbs of eyes
  2 hell beasts (Swamp:4)
  5 ice dragons
  9 yaktaur captains
  2 peacekeepers
  7 salamander tyrants
  A rakshasa (Depths:1)
  7 ironbound frosthearts
  5 vault guards
  A ghost crab (Swamp:2)
  A spriggan air mage (Depths:4)
  4 catoblepae (Lair:5)
  An alligator (Swamp:2)
  5 centaur warriors
  10 anacondas
  7 two-headed ogres
  14 death yaks
  4 deep troll earth magi
  3 deep troll shamans
  10 naga warriors
  5 tengu warriors
  5 boulder beetles
  A spriggan berserker (Depths:4)
  19 naga sharpshooters
  An orc high priest (Orc:2)
  Urug (D:13)
  8 shock serpents
  7 spriggans
  A deep elf knight (D:14)
  4 iron trolls (Depths:2)
  8 salamander mystics
  A fire crab (shapeshifter) (D:14)
  46 deep trolls
  2 skysharks
  10 goliath frogs
  7 skeletal warriors
  3 spriggan druids
  2 large abominations (Swamp:4)
  10 ironbound convokers
  A flayed ghost (Depths:4)
  8 swamp dragons
  7 naga ritualists
  9 bog bodies
  7 wizards
  Pikel (D:7)
  2 deep elf zephyrmancers
  A necromancer (D:15)
  10 harpies
  4 oklob plants (Lair:4)
  9 lindwurms
  7 mana vipers
  10 orc knights
  2 deep elf pyromancers
  22 ugly things
  2 tengu skeletons (Vaults:2)
  24 salamanders
  5 orc sorcerers (Orc:2)
  3 cyclopes (Orc:2)
  3 manticores
  4 will-o-the-wisps
  An iron dragon skeleton (Vaults:2)
  3 elephants (Lair:4)
  3 guardian serpents
  14 vault sentinels
  A fire giant skeleton (Vaults:2)
  36 black mambas
  7 cane toads
  A frost giant skeleton (Vaults:2)
  12 naga magi
  2 orange demons (Swamp:4)
  An ice statue (D:12)
  3 centaur skeletons (D:14)
  A cane toad (shapeshifter) (D:13)
  3 gargoyles
  A freezing wraith (D:15)
  2 rime drakes (Lair:5)
  3 komodo dragons
  34 yaktaurs
  A tengu conjurer (D:15)
  A yaktaur (shapeshifter) (Depths:3)
  A yaktaur skeleton (Vaults:2)
  A queen bee (shapeshifter) (D:14)
  A bloated husk (Swamp:4)
  11 hornets
  4 human skeletons (Vaults:2)
  8 trolls
  A wolf spider simulacrum (D:15)
  A raiju (shapeshifter) (D:9)
  4 tyrant leeches
  A dancing weapon (Vaults:1)
  5 saltlings (Orc:2)
  33 blink frogs
  63 slime creatures
  3 shadows
  A wyvern (Lair:1)
  3 vampires
  6 wraiths
  A water elemental (Depths:3)
  A centaur simulacrum (D:14)
  Sigmund (D:2)
  4 fire bats (D:8)
  44 yaks
  A deep troll skeleton (Vaults:2)
  5 fire elementals
  2 hogs (Swamp:3)
  2 steam dragons
  5 basilisks
  Menkaure (D:6)
  3 redbacks
  A warg (Orc:1)
  39 nagas
  4 hell hounds
  12 swamp worms
  3 acid dragons (D:10)
  A glowing shapeshifter skeleton (Vaults:2)
  2 swamp drakes (Swamp:2)
  11 water moccasins
  3 black bears
  A floating eye (shapeshifter) (Vaults:2)
  A meliai simulacrum (D:15)
  14 ice beasts
  17 orc warriors
  14 wolves
  2 ogres (Orc:1)
  12 centaurs
  2 phantoms
  2 lemures (D:7)
  3 kobold brigands
  12 bullfrogs
  4 gnoll sergeants
  7 scorpions
  A small abomination (Swamp:4)
  A hornet simulacrum (D:15)
  4 wights
  8 killer bees
  5 electric eels (D:12)
  3 howler monkeys
  2 lava snakes (D:8)
  6 hounds
  10 orc priests
  5 jellies
  A gnoll bouda (D:5)
  3 sleepcaps
  4 iguanas (D:5)
  20 orc wizards
  A boggart skeleton (D:14)
  11 gnolls
  9 adders
  2 white imps
  2 worms (D:2)
  4 dart slugs
  69 orcs
  7 ball pythons
  6 bats
  6 endoplasms
  6 goblins
  12 hobgoblins
  9 jackals
  5 quokkas
  2 frilled lizards (D:2)
  22 kobolds
  8 rats
1287 creatures vanquished.

Vanquished Creatures (collateral kills)
  A tentacled monstrosity (Depths:3)
  An acid blob (Depths:3)
  A sphinx (Depths:3)
  A storm dragon (Depths:3)
  A vault warden (Vaults:2)
  A stone giant (Depths:3)
  A two-headed ogre (Orc:2)
  A tengu warrior (Depths:3)
  A salamander (Snake:4)
  An orc warrior (D:9)
  A centaur (Lair:1)
  2 ogres
  7 wights
  An orc wizard (Orc:2)
  3 gnolls
  7 orcs
31 creatures vanquished.

Vanquished Creatures (others)
  A hydra (Lair:5)
  A swamp dragon (Swamp:4)
  An ugly thing (D:15)
  An orange demon (Swamp:4)
  3 bloated husks
  2 slime creatures (D:13)
  18 dancing weapons
  A centaur (Lair:1)
  A white imp (D:7)
  2 fire vortices (D:8)
  8 foxfires
39 creatures vanquished.

Grand Total: 1357 creatures vanquished

Notes
Turn   | Place    | Note
-------+----------+-------------------------------------------
     0 | D:1      | browni3141 the Demigod Enchanter began the quest for the
                  | Orb.
     0 | D:1      | Reached XP level 1. HP: 14/14 MP: 5/5
   272 | D:1      | Reached skill level 3 in Hexes
   272 | D:1      | Reached XP level 2. HP: 18/23 MP: 7/7
   288 | D:1      | Learned a level 2 spell: Ensorcelled Hibernation
   598 | D:1      | Reached skill level 2 in Dodging
   606 | D:1      | Reached skill level 3 in Stealth
   803 | D:2      | Reached XP level 3. HP: 23/28 MP: 8/8
   807 | D:2      | Learned a level 3 spell: Confusing Touch
   963 | D:2      | Noticed Sigmund
  1003 | D:2      | Found Dayppa Hock's Magic Scroll Emporium.
  1011 | D:2      | Bought a scroll of teleportation for 33 gold pieces
  1717 | D:3      | Reached XP level 4. HP: 35/35 MP: 5/10
  2629 | D:4      | Found a staircase to the Ecumenical Temple.
  2651 | D:4      | Reached XP level 5. HP: 30/40 MP: 7/11
  2719 | Temple   | Entered the Ecumenical Temple
  3118 | D:4      | Reached skill level 3 in Shields
  3139 | D:4      | Found Beokhlian's Jewellery Boutique.
  3142 | D:4      | Noticed a two-headed ogre
  3272 | D:4      | Noticed a black bear
  3295 | D:4      | Killed a black bear
  3296 | D:4      | Reached skill level 3 in Spellcasting
  3296 | D:4      | Reached XP level 6. HP: 23/47 MP: 13/13
  3479 | D:4      | Found Yfa Zase's Antique Armour Boutique.
  3636 | D:4      | Found Vanal's Antique Armour Shoppe.
  3738 | D:4      | Found Ceatze's General Store.
  3746 | D:4      | Bought a potion of heal wounds for 65 gold pieces
  3746 | D:4      | Bought a scroll of identify for 26 gold pieces
  3746 | D:4      | Bought a scroll of fog for 52 gold pieces
  3771 | D:4      | Found Xowkeifu's Book Shop.
  4146 | D:3      | Learned a level 3 spell: Tukima's Dance
  4188 | D:2      | Killed Sigmund
  4211 | D:2      | Reached XP level 7. HP: 50/52 MP: 10/15
  4483 | D:4      | Killed a two-headed ogre
  4484 | D:4      | Reached XP level 8. HP: 43/61 MP: 8/17
  4488 | D:4      | Learned a level 3 spell: Dazzling Flash
  4623 | D:2      | Bought a scroll of identify for 22 gold pieces
  4623 | D:2      | Bought a scroll of identify for 22 gold pieces
  4686 | D:5      | Entered Level 5 of the Dungeon
  5039 | D:5      | Reached skill level 6 in Hexes
  5888 | D:6      | Reached skill level 3 in Short Blades
  5964 | D:6      | Reached skill level 6 in Stealth
  5985 | D:6      | Noticed Menkaure
  6227 | D:6      | Reached XP level 9. HP: 60/67 MP: 10/18
  6675 | D:6      | Reached skill level 3 in Fighting
  7173 | D:7      | Noticed Pikel
  7784 | D:7      | Noticed a boulder beetle
  8471 | D:7      | Killed Pikel
  8602 | D:7      | Killed a boulder beetle
  8603 | D:7      | Reached skill level 6 in Short Blades
  8603 | D:7      | Reached XP level 10. HP: 78/78 MP: 19/19
  8686 | D:8      | Found a staircase to the Lair.
 10631 | D:9      | Reached skill level 9 in Stealth
 10631 | D:9      | Reached skill level 3 in Conjurations
 10657 | D:9      | Noticed a two-headed ogre
 10667 | D:9      | Killed a two-headed ogre
 11272 | D:4      | Bought a pair of jewelled gloves for 247 gold pieces
 11272 | D:4      | Identified the +2 pair of gloves of the Locust {rPois
                  | Dex+4} (You bought it in a shop on level 4 of the Dungeon)
 11429 | D:5      | Reached XP level 11. HP: 28/84 MP: 16/20
 11800 | D:6      | Killed Menkaure
 11971 | D:10     | Entered Level 10 of the Dungeon
 11976 | D:10     | Noticed an orc knight
 11994 | D:9      | Killed an orc knight
 12568 | D:10     | Found a staircase to the Orcish Mines.
 12971 | D:10     | Identified the +6 chain mail of Fiosous {rN+ Str+3}
 13192 | Lair:1   | Entered Level 1 of the Lair of Beasts
 13660 | Lair:1   | Reached skill level 12 in Stealth
 13680 | Lair:1   | Reached skill level 9 in Short Blades
 14024 | Lair:1   | Found a runed translucent door.
 14025 | Lair:1   | Noticed Olid's ghost (journeyman DrCj)
 14026 | Lair:1   | Noticed a +1 flail of chaos
 14680 | Lair:2   | Noticed a five-headed hydra
 14717 | Lair:2   | Reached XP level 12. HP: 91/91 MP: 18/21
 15028 | Lair:2   | Reached skill level 3 in Dodging
 15892 | Lair:3   | Noticed Rupert
 15931 | Lair:3   | Reached skill level 4 in Dodging
 16059 | Lair:3   | Noticed a boulder beetle
 16073 | Lair:3   | Killed a boulder beetle
 16225 | Lair:3   | Found a staircase to the Swamp.
 16426 | Lair:3   | Found a staircase to the Snake Pit.
 16558 | Lair:3   | Reached skill level 5 in Dodging
 16818 | Lair:4   | Noticed a boulder beetle
 16818 | Lair:4   | Noticed a four-headed hydra
 17048 | Lair:4   | Killed a boulder beetle
 17049 | Lair:4   | Reached skill level 6 in Dodging
 17059 | Lair:4   | Killed a four-headed hydra
 17124 | Lair:4   | Reached skill level 6 in Shields
 17656 | Lair:4   | Noticed a four-headed hydra
 17690 | Lair:4   | Killed a four-headed hydra
 17691 | Lair:4   | Reached skill level 7 in Dodging
 18226 | Lair:5   | Entered Level 5 of the Lair of Beasts
 18239 | Lair:5   | Noticed a six-headed hydra
 18247 | Lair:5   | Noticed a five-headed hydra
 18249 | Lair:5   | Killed a six-headed hydra
 18258 | Lair:5   | Killed a five-headed hydra
 18259 | Lair:5   | Reached XP level 13. HP: 96/96 MP: 13/22
 18316 | Lair:5   | Found a staircase to the Slime Pits.
 18494 | Lair:5   | Reached skill level 8 in Dodging
 19030 | Lair:5   | Reached skill level 9 in Dodging
 19345 | Lair:5   | Reached skill level 12 in Short Blades
 20247 | Lair:4   | Reached skill level 10 in Dodging
 20619 | Orc:1    | Entered Level 1 of the Orcish Mines
 20906 | Orc:2    | Entered Level 2 of the Orcish Mines
 20918 | Orc:2    | Found a staircase to the Elven Halls.
 21292 | Orc:2    | Reached XP level 14. HP: 101/104 MP: 9/24
 22039 | Orc:2    | Found Xakimoh's Armour Shoppe.
 22118 | Orc:2    | Found Paupsui's General Store.
 22120 | Orc:2    | Found Qyibrug's Armour Shoppe.
 22144 | Orc:2    | Found Booseje's Assorted Antiques.
 22242 | Orc:2    | Reached skill level 9 in Hexes
 22737 | Orc:1    | Noticed Josephine
 22765 | Orc:1    | Killed Josephine
 22769 | Orc:1    | Reached skill level 11 in Dodging
 22972 | Orc:2    | Bought a scroll of blinking for 195 gold pieces
 22972 | Orc:2    | Bought a scroll of identify for 52 gold pieces
 22972 | Orc:2    | Bought a scroll of fog for 104 gold pieces
 22972 | Orc:2    | Bought a scroll of identify for 52 gold pieces
 22972 | Orc:2    | Bought a scroll of magic mapping for 195 gold pieces
 23235 | D:2      | Bought a scroll of blinking for 82 gold pieces
 23317 | D:4      | Bought the +3 warlock's mirror {omnireflect} for 1040 gold
                  | pieces
 23317 | D:4      | Found the +3 warlock's mirror {omnireflect}
 23662 | D:11     | Found Dulush's Book Shop.
 24374 | D:12     | Found the +4 moon troll leather armour {Spirit, Regen++
                  | MP+5}
 25179 | D:12     | Reached skill level 9 in Shields
 25182 | D:12     | Identified the +0 pair of gloves of Perfidy {rPois rF+}
 25261 | D:12     | Noticed a frost giant
 25268 | D:12     | Killed a frost giant
 25353 | D:12     | Identified the +1 leather armour of Temink {rPois rC++
                  | Int-3 Dex+3}
 25452 | D:13     | Noticed Frances
 25452 | D:13     | Found a portal to a secret trove of treasure.
 25468 | D:13     | Killed Frances
 25598 | D:13     | Noticed a lich
 25598 | D:13     | Noticed Triskal's ghost (journeyman DsGl)
 25619 | D:13     | Found a runed translucent door.
 25619 | D:13     | Noticed Urug
 25633 | D:13     | Killed Urug
 25704 | D:13     | Noticed Azrael
 25830 | D:13     | Killed Azrael
 26031 | D:13     | Found a runed translucent door.
 26298 | D:14     | Found a runed translucent door.
 26299 | D:14     | Noticed pdpol's ghost (journeyman MiFi)
 26301 | D:14     | Identified the +6 spear of Indomitability {drain, Str+3
                  | Int+3}
 26352 | D:14     | Reached skill level 12 in Dodging
 26496 | D:14     | Noticed Agnes
 26499 | D:14     | Killed Agnes
 26526 | D:14     | Reached XP level 15. HP: 110/110 MP: 25/25
 26698 | D:14     | Found a gate to the Vaults.
 26784 | D:14     | Noticed Louise
 26784 | D:14     | Noticed Jorgrun
 27207 | D:15     | Entered Level 15 of the Dungeon
 27519 | D:15     | Found a staircase to the Depths.
 28008 | Snake:1  | Entered Level 1 of the Snake Pit
 28338 | Snake:1  | Identified a scroll of acquirement
 28358 | Snake:1  | Acquired the ring of Nuhov {+Blink rPois rN++ Int+6 Dex-2}
 29006 | Snake:1  | Learned a level 5 spell: Metabolic Englaciation
 29876 | Snake:2  | Reached skill level 13 in Dodging
 29878 | Snake:2  | Reached skill level 3 in Ice Magic
 30154 | Snake:2  | Reached skill level 3 in Armour
 30361 | Snake:3  | Noticed Donald
 30380 | Snake:3  | Killed Donald
 30654 | Snake:2  | Reached XP level 16. HP: 108/119 MP: 16/26
 30749 | Snake:3  | Noticed Mara
 30754 | Snake:3  | Noticed browni3141's illusion
 30958 | Snake:3  | Noticed browni3141's illusion
 30959 | Snake:3  | Killed Mara
 31348 | Snake:3  | Reached skill level 3 in Evocations
 31475 | Snake:3  | Noticed Vashnia
 31661 | Snake:4  | Entered Level 4 of the Snake Pit
 31836 | Snake:4  | Found Heraipi's Antique Weapon Shoppe.
 31838 | Snake:4  | Found Gikhaeli's Weapon Emporium.
 31841 | Snake:4  | Found Pihyeratwe's Jewellery Shoppe.
 31848 | Snake:4  | Bought the ring "Adili" {Will+ Dex+6} for 972 gold pieces
 31907 | Snake:4  | Found Heetheth's Armour Shop.
 31935 | Snake:4  | Reached skill level 12 in Hexes
 32086 | Snake:3  | Found Cumoluav's Jewellery Shop.
 32086 | Snake:3  | Found Siacif's Book Emporium.
 32086 | Snake:3  | Noticed Aizul
 32087 | Snake:3  | Found Powkiog's Jewellery Shop.
 32125 | Snake:3  | Killed Aizul
 32257 | Snake:3  | Killed Vashnia
 32715 | Snake:4  | Reached skill level 6 in Fighting
 33811 | Snake:4  | Got a serpentine rune of Zot
 34121 | Swamp:1  | Entered Level 1 of the Swamp
 34271 | Swamp:1  | Reached skill level 6 in Armour
 34278 | Swamp:1  | Reached skill level 14 in Dodging
 34676 | Swamp:2  | Reached XP level 17. HP: 129/129 MP: 2/28
 35488 | Swamp:3  | Reached skill level 6 in Ice Magic
 35692 | Swamp:3  | Noticed Kirke
 35703 | Swamp:3  | Killed Kirke
 36063 | Swamp:4  | Entered Level 4 of the Swamp
 36740 | Swamp:4  | Reached skill level 6 in Spellcasting
 37258 | Swamp:4  | Got a decaying rune of Zot
 37409 | Swamp:4  | Noticed Nikola
 37421 | Swamp:4  | Killed Nikola
 37802 | D:11     | Learned a level 2 spell: Blink
 37906 | Vaults:1 | Entered Level 1 of the Vaults
 38169 | Vaults:1 | Reached skill level 15 in Dodging
 38648 | Vaults:1 | Found Quuneac's Armour Shoppe.
 38959 | Vaults:1 | Found Osunen's Armour Boutique.
 39626 | Vaults:1 | Reached XP level 18. HP: 141/141 MP: 31/31
 40573 | Vaults:2 | Reached skill level 16 in Dodging
 40918 | Vaults:2 | Reached skill level 9 in Fighting
 41896 | Vaults:2 | Reached skill level 12 in Shields
 41910 | Vaults:2 | Found a staircase to the Crypt.
 42222 | Vaults:3 | Noticed Zenata
 42382 | Vaults:3 | Identified the +10 plate armour "Xowkoodd" {Int+2}
 43127 | Vaults:3 | Identified the +8 plate armour of Ised {+Inv rElec Will++
                  | Int+2 Dex-4}
 43355 | Vaults:3 | Reached skill level 17 in Dodging
 43599 | Vaults:3 | Reached XP level 19. HP: 129/154 MP: 26/32
 43719 | Vaults:3 | Reached skill level 15 in Stealth
 44454 | Vaults:3 | Killed Zenata
 46003 | D:11     | Bought a book of Misfortune for 648 gold pieces
 46009 | D:11     | Learned a level 5 spell: Yara's Violent Unravelling
 46017 | D:11     | Learned a level 7 spell: Enfeeble
 46198 | Depths:1 | Entered Level 1 of the Depths
 46702 | Depths:1 | Found a one-way gateway to a ziggurat.
 47143 | Depths:3 | Noticed a golden dragon
 47518 | Depths:2 | Killed a golden dragon
 47695 | Depths:2 | Reached skill level 3 in Transmutations
 47949 | Depths:4 | Entered Level 4 of the Depths
 48297 | D:4      | Bought a book of Cantrips for 120 gold pieces
 48719 | Depths:4 | Noticed a golden dragon
 48738 | Depths:4 | Killed a golden dragon
 48868 | Depths:4 | Noticed a bone dragon
 48896 | Depths:4 | Killed a bone dragon
 49023 | Depths:4 | Found a gate to the Realm of Zot.
 49462 | Depths:4 | Reached skill level 18 in Dodging
 49529 | Depths:4 | Found a gateway to Hell.
 50063 | Depths:3 | Found a one-way gate to the infinite horrors of the Abyss.
 50078 | Depths:3 | Reached XP level 20. HP: 79/163 MP: 3/35
 50104 | Depths:3 | HP: 2/163 [living spell/iceblast[a walking frostbound tome]
                  | (54)]
 50105 | Depths:3 | Killed from afar by a living spell

Illustrated notes

Levels and vault maps discovered:
D:1:      erik_arrival_orb_chamber, layout_rooms, minmay_strange_pillars
D:2:      minmay_chambers_of_twos, layout_rooms, serial_shops, shop,
          uniq_sigmund
D:3:      layout_basic, nemelex_xobeh_ov_fountains_minmay
D:4:      layout_basic, minmay_temple_entry_drinking_statues, serial_shops,
          nicolae_shop_hallway_plus, nicolae_shop_tiny_real_fake_doors,
          nicolae_shop_trees, kennysheep_mini_moat, nicolae_shop_peninsula
D:5:      kennysheep_windowed_halls, layout_cave_pods
D:6:      layout_basic, grunt_dithmenos_smoke_and_mirrors, uniq_menkaure
D:7:      layout_basic, nrook_loot_triangle, uniq_pikel
D:8:      layout_rooms, dpeg_oklobed_lair, hangedman_incinerator
D:9:      layout_loops_ring, chequers_garden
D:10:     layout_basic, orc_david_3, minmay_puff
D:11:     layout_cave_pods, serial_shops, shop
D:12:     minmay_twisted_water, layout_rooms, serial_rivers,
          chequers_serial_rivers_micro_b, chequers_serial_rivers_small_b,
          chequers_serial_rivers_small_3, chequers_serial_rivers_room_b,
          chequers_serial_rivers_micro_a, chequers_serial_rivers_micro_b
D:13:     layout_big_octagon, enter_trove_2, muffindrake_ghost_dual_entry,
          uniq_azrael, uniq_frances, uniq_urug
D:14:     layout_roguey, hangedman_vaults_entry_quadrant_bands,
          ebering_ghost_funeral_grove, corexii_corridor_pit, uniq_louise,
          uniq_jorgrun, uniq_agnes
D:15:     grunt_enter_depths_magical_seal, layout_basic,
          minmay_misc_feat_encased
Temple:   nicolae_temple_slightly_damp_pantheon
Lair:1:   layout_cellular_growth, ebering_ghost_xom, lemuel_centaur_altar,
          grunt_megastairs_2
Lair:2:   layout_concentric_octagons
Lair:3:   layout_cave_pods, minmay_swamp_entry_worms,
          nicolae_snake_entry_squirm, uniq_rupert
Lair:4:   minmay_lair_oklob_chamber, layout_gridlike, st_stairs_7,
          infiniplex_staircase_pool
Lair:5:   evilmike_catoblepas_cave, layout_gridlike,
          nicolae_slime_entry_slimehenge
Swamp:1:  layout_falls_marsh, hangedman_swamp_ruin_wall
Swamp:2:  layout_basic_swamp, evilmike_swamp_ruin_house_4
Swamp:3:  layout_basic_swamp, nicolae_swamp_dense_foliage, swamp_pool3,
          grunt_witch_cave, uniq_kirke
Swamp:4:  swamp_vile, layout_basic_swamp, uniq_nikola
Snake:1:  layout_grid_shapes
Snake:2:  layout_gridlike, grunt_megastairs_5, uniq_donald
Snake:3:  layout_onion_interference, nicolae_snake_salamander_stairs,
          minmay_shop_grove, uniq_vashnia, uniq_aizul, uniq_mara
Snake:4:  minmay_snake_end_coiled, layout_basic, serial_shops, shop,
          basic_altar, minmay_shop_star
Orc:1:    nicolae_orc_accident_3, layout_diamond_mine, uniq_josephine
Orc:2:    hellmonk_orc_salted, layout_diamond_mine, basic_altar
Vaults:1: nicolae_vaults_shrinking_rooms_1, nicolae_vaults_tangram_1,
          hangedman_vaults_pinch, nicolae_vaults_little_squares_2,
          vaults_room_stairs_pillars, nicolae_vaults_taking_the_gang_shopping,
          v_misc_13, ontoclasm_vaults_eye, nicolae_vaults_mini_display_case,
          layout_vaults_chaotic_city, serial_shops, shop
Vaults:2: mu_enter_wizlab_5, nicolae_vaults_little_squares_5,
          nicolae_vaults_tetromino_T_1, minmay_crypt_entry_skeletal_spiral,
          v_misc_13, nicolae_vaults_oval_intersection, dpeg_vaults_waves,
          nicolae_vaults_circle_grid_b, hangedman_vaults_impose,
          nicolae_vaults_big_ls, nicolae_vaults_closet_pinwheel_5, v_misc_10,
          nicolae_vaults_cochlea, layout_vaults_ring
Vaults:3: vaults_room_large_hall, nicolae_vaults_diamond_2, vaults_room_boxed,
          nicolae_vaults_trapezoid_lopsided_1, ontoclasm_vaults_ring_small,
          nicolae_vaults_more_shelving_1, nicolae_vaults_octothorpe,
          dpeg_vaults_monster_box, layout_vaults_omnigrid, uniq_zenata
Vaults:4: ontoclasm_vaults_misaligned, ontoclasm_vaults_spin,
          nicolae_vaults_house_2, v_misc_15, hangedman_vaults_nails, v_misc_33,
          nicolae_vaults_turnstiles, nicolae_vaults_tetromino_Z_1,
          nicolae_vaults_specimen_jars, layout_vaults_omnicross
Depths:1: layout_cave_shapes, enter_ziggurat_e, pf_hell_entry_tar_spiral,
          minmay_room_of_horrors, minislime_mu
Depths:2: hellmonk_paralyzer, layout_honeycomb, hell_entry,
          rand_demon_pan_entry_5, grunt_ministairs_13
Depths:3: kennysheep_oblong_rooms, layout_gridlike, abyss_entry,
          hangedman_decor_slide_cut, special_room [special_room_jelly],
          hell_entry, hangedman_decor_riveting, evilmike_spriggan_trog_shrine
Depths:4: evilmike_zot_entry_hall, layout_honeycomb,
          nicolae_qazlal_general_emergency, hell_entry, uniq_josephina

Skill      XL: |  1  2  3  4  5  6  7  8  9 10 11 12 13 14 15 16 17 18 19 |
---------------+----------------------------------------------------------+-----
Fighting       | 1 2 4 5 6 8 9 10 | 10.9
Hexes          | 3 4 6 8 10 11 12 | 12.9
Spellcasting   | 2 3 4 6 |  6.8
Short Blades   | 1 2 3 6 7 10 11 12 13 14 | 14.0
Dodging        | 2 7 10 12 13 14 15 17 18 | 18.0
Stealth        | 3 4 5 7 9 12 13 14 15 | 15.7
Ice Magic      | 1 2 3 5 6 |  6.0
Shields        | 1 2 3 4 6 8 9 10 11 12 13 | 13.0
Evocations     | 2 5 |  5.0
Conjurations   | 4 |  4.0
Armour         | 3 6 |  6.0
Transmutations | 4 |  4.0
Translocations | 2 |  2.5

Action                     |  1- 3 |  4- 6 |  7- 9 | 10-12 | 13-15 | 16-18 | 19-21 || total
---------------------------+-------+-------+-------+-------+-------+-------+-------++-------
  Melee: Dagger            |   167 |   162 |   232 |   313 |       |       |       ||   874
         Punch             |     2 |       |     2 |     7 |       |       |       ||    11
         Quarterstaff      |       |       |    11 |    14 |       |       |       ||    25
         Rapier            |       |       |       |   509 |  1597 |  2253 |   785 ||  5144
  Throw: Stone             |     8 |       |       |       |       |       |       ||     8
   Cast: Ensorcelled Hiber |    21 |    37 |    59 |   123 |    76 |    44 |       ||   360
         Confusing Touch   |       |     3 |     2 |    21 |    13 |   103 |    68 ||   210
         Tukima's Dance    |       |     2 |    26 |    27 |    30 |    24 |    14 ||   123
         Dazzling Flash    |       |       |     9 |    10 |    67 |    88 |    31 ||   205
         Metabolic Englaci |       |       |       |       |       |     9 |     2 ||    11
         Blink             |       |       |       |       |       |     2 |     2 ||     4
         Yara's Violent Un |       |       |       |       |       |       |     1 ||     1
Ability: Evoke Blink       |       |       |       |       |     2 |       |       ||     2
  Evoke: Wand              |       |       |     2 |     1 |    35 |     4 |     6 ||    48
         Phantom mirror    |       |       |       |       |       |     1 |     1 ||     2
    Use: Potion            |     1 |     1 |       |       |     2 |       |     2 ||     6
         Scroll            |       |     5 |     4 |     5 |    19 |     2 |     9 ||    44
   Stab: Sleeping          |    18 |    24 |    37 |    93 |    73 |    87 |    38 ||   370
         Invisible         |       |     3 |     3 |     8 |    86 |    84 |    28 ||   212
         Confused          |       |     3 |     2 |    23 |    12 |   130 |    90 ||   260
         Distracted        |       |     1 |       |       |     3 |    14 |     1 ||    19
         Petrified         |       |       |       |       |     4 |       |       ||     4
 Armour: Robe              |    33 |    17 |    28 |    58 |       |       |       ||   136
         Troll leather arm |       |       |       |    69 |   143 |   188 |    82 ||   482
  Dodge: Dodged            |   111 |    87 |   180 |   571 |   850 |  1129 |   650 ||  3578
  Block: Buckler           |    17 |    28 |    19 |   145 |   536 |   797 |   378 ||  1920
         Reflection        |       |       |       |       |    41 |    93 |    17 ||   151
